 Dungeon Crawl Stone Soup version 0.22-a0-422-g9628fc8 (webtiles) character file.

1102 Borgoz the Skirmisher (level 8, -4/49 HPs)
             Began as a Gargoyle Abyssal Knight on May 16, 2018.
             Was a Priest of Lugonu.
             Slain by a worker ant (5 damage)
             ... on level 5 of the Dungeon.
             The game lasted 00:08:36 (5830 turns).

Borgoz the Skirmisher (Gargoyle Abyssal Knight)     Turns: 5830, Time: 00:08:37

Health: -4/49      AC:  9    Str: 22    XL:     8   Next: 32%
Magic:  7/11       EV: 13    Int: 12    God:    Lugonu [***...]
Gold:   286        SH:  0    Dex: 11    Spells: 7/7 levels left

rFire    . . .     SeeInvis .   a - +1 hand axe
rCold    . . .     Gourm    .   (no shield)
rNeg     + . .     Faith    +   h - +0 leather armour (curse)
rPois    ∞         Spirit   .   (no helmet)
rElec    +         Reflect  .   (no cloak)
rCorr    .         Harm     .   (no gloves)
MR       .....                  (no boots)
Stlth    +.........             i - amulet of faith
HPRegen  0.16/turn              b - +5 ring of strength
MPRegen  0.12/turn              (no ring)

@: no status effects
A: negative energy resistance 1, electricity resistance, unbreathing,
petrification resistance, rot immunity, AC +5
a: Depart the Abyss, Bend Space, Banish, Renounce Religion


You were on level 5 of the Dungeon.
You worshipped Lugonu.
Lugonu was most pleased with you.
You were hungry.

You visited 1 branch of the dungeon, and saw 6 of its levels.
You visited the Abyss 1 time.

You collected 286 gold pieces.

Inventory:

Hand Weapons
 a - a +1 hand axe (weapon)
 t - the +7 trident "Sughiy Edih" {freeze, rN+ Dex+4, unknown}
   (You found it on level 5 of the Dungeon)

   It has been specially enchanted to freeze those struck by it, causing extra
   injury to most foes and up to half again as much damage against particularly
   susceptible opponents.
   It can also slow down cold-blooded creatures.
   It affects your dexterity (+4).
   It protects you from negative energy.
Armour
 h - a cursed +0 leather armour (worn)
Jewellery
 b - a +5 ring of strength (left hand)
 i - an amulet of faith (around neck)
Wands
 g - a wand of random effects (5)
 j - a wand of enslavement (9)
 s - a wand of digging (2)
Scrolls
 d - a scroll of blinking {unknown}
 e - a scroll of identify
 k - a scroll of remove curse {unknown}
 l - a scroll of fear {unknown}
 m - 3 scrolls of teleportation
 n - 4 scrolls of fog {unknown}
 q - a scroll of amnesia {unknown}
Potions
 f - a potion of lignification
 o - 4 potions of heal wounds
 p - a potion of flight
 r - a potion of agility
Comestibles
 c - 7 rations


   Skills:
 + Level 5.2 Fighting
 * Level 4.8 Axes
 + Level 4.3 Armour
 * Level 4.2 Dodging
 + Level 4.2 Invocations


You had 7 spell levels left.
You didn't know any spells.
Your spell library was empty.

Dungeon Overview and Level Annotations

Branches:
Dungeon (6/15)
 Temple: D:4-7

Altars:

Shops:
D:5 (


Innate Abilities, Weirdness & Mutations

You are resistant to torment.
Your stone body is resilient. (AC +5)
You are immune to poison.
You resist negative energy. (rN+)
You are resistant to electric shocks. (rElec)
You can survive without breathing.
You are immune to petrification.
You are immune to rotting.


Message History

Press: ? - help, Shift-Dir - straight line, f/p - scorpion
Aim: a scorpion (lightly wounded, chance to defeat MR: 83%)
You fail to use your ability.
The scorpion closely misses you.
The worker ant bites you but does no damage.
Press: ? - help, Shift-Dir - straight line, f/p - scorpion
Aim: a scorpion (lightly wounded, chance to defeat MR: 83%)
You fail to use your ability.
The worker ant bites you.
* * * LOW HITPOINT WARNING * * *
The scorpion stings you but does no damage.
Press: ? - help, Shift-Dir - straight line, f/p - scorpion
Aim: a scorpion (lightly wounded, chance to defeat MR: 83%)
The scorpion is devoured by a tear in reality.
Lugonu claims a new guest.
You are feeling hungry.
The worker ant completely misses you.
Unknown command.
You hit the worker ant but do no damage.
The worker ant is almost dead.
The worker ant bites you.
You die...

...############....##.##....##...
...##.####...##....##.##....##...
.............#........#..........
.............#........#..........
.............#........#.....##...
#####...##...##.......##....##...
...##...##...###########....##...
..............)..........(.......
.............>§§@................
...............a§................
#'########...##..................
..###...##...##..................
.................................
................(............<...
.............############...##...
.............## ##..###...##...
..............# #..............


You could see a worker ant.

Vanquished Creatures
  A phantom (D:4)
  A sky beast (D:5)
  An ogre (D:4)
  Blork the orc (D:4)
  A howler monkey (D:4)
  2 hounds (D:4)
  6 orc wizards
  2 bullfrog skeletons (D:4)
  3 orc priests
  Ijyb (D:4)
  5 worker ants
  4 gnolls (D:3)
  4 adders
  An ooze (D:3)
  A worm (D:2)
  2 dart slugs
  3 leopard geckos
  18 orcs
  8 bats
  5 giant cockroaches
  11 goblins
  4 hobgoblins
  9 jackals
  3 quokkas
  2 ball pythons (D:2)
  4 frilled lizards
  A jackal zombie (D:5)
  10 kobolds
  A leopard gecko skeleton (D:4)
  A quokka skeleton (D:5)
  2 rats
118 creatures vanquished.

Vanquished Creatures (others)
  A scorpion (D:5)
1 creature vanquished.

Grand Total: 119 creatures vanquished

Notes
Turn   | Place    | Note
-------+----------+-------------------------------------------
     0 | Abyss:1  | Borgoz the Gargoyle Abyssal Knight began the quest for the Orb.
     0 | Abyss:1  | Reached XP level 1. HP: 14/14 MP: 2/2
    71 | Abyss:1  | Noticed a tentacled starspawn
    72 | Abyss:1  | Noticed a thrashing horror
    74 | D:1      | Escaped the Abyss
   107 | D:1      | Reached skill level 1 in Dodging
   152 | D:1      | Reached XP level 2. HP: 18/19 MP: 3/3
   228 | D:1      | Reached * piety under Lugonu
   497 | D:1      | Reached XP level 3. HP: 23/23 MP: 4/4
  1636 | D:3      | Reached XP level 4. HP: 11/29 MP: 5/5
  1645 | D:3      | Reached ** piety under Lugonu
  2075 | D:3      | Reached XP level 5. HP: 33/33 MP: 6/6
  2151 | D:3      | Reached skill level 4 in Fighting
  2512 | D:4      | Noticed a phantom
  2578 | D:5      | Entered Level 5 of the Dungeon
  2859 | D:4      | Killed a phantom
  2859 | D:4      | Reached XP level 6. HP: 21/38 MP: 8/8
  3358 | D:4      | Reached *** piety under Lugonu
  3363 | D:4      | Reached XP level 7. HP: 43/44 MP: 9/9
  3992 | D:4      | Noticed Ijyb
  4020 | D:4      | Killed Ijyb
  4385 | D:5      | Noticed Blork the orc
  4492 | D:4      | Killed Blork the orc
  4974 | D:5      | Reached skill level 5 in Fighting
  4998 | D:5      | Reached XP level 8. HP: 44/49 MP: 10/10
  5101 | D:5      | Found Zifoduar's Weapon Shoppe.
  5135 | D:5      | Got a scorched trident
  5828 | D:5      | HP: 1/49 [worker ant (4)]
  5830 | D:5      | Slain by a worker ant

Vault maps used:
D:1:      eino_arrival_water_star, grunt_decor_arrowhead
D:3:      first_ration, st_stairs_5, minmay_misc_feat_nine_boxes
D:4:      hangedman_decor_clover_reticule, uniq_ijyb
D:5:      serial_shops, shop_fountains, uniq_blork_the_orc
Abyss:1:  gammafunk_corrupted_shrine

Skill      XL: |  1  2  3  4  5  6  7  8 |
---------------+-------------------------+-----
Dodging        | 1 2 3 4 |  4.2
Axes           | 2 3 4 |  4.8
Fighting       | 4 5 |  5.2
Armour         | 3 4 |  4.3
Invocations    | 3 4 |  4.2

Action                   |  1- 3 |  4- 6 |  7- 9 || total
-------------------------+-------+-------+-------++-------
Melee: Hand axe          |   138 |   179 |   293 ||   610
Invok: Depart the Abyss  |     1 |       |       ||     1
       Banish            |       |       |     1 ||     1
  Use: Scroll            |       |     3 |     5 ||     8
       Potion            |       |     1 |     2 ||     3
  Eat: Chunk             |     2 |     3 |     8 ||    13
       Ration            |       |     1 |       ||     1
Armor: Leather armour    |    61 |    71 |   121 ||   253
Dodge: Dodged            |    99 |   107 |   187 ||   393

Table legend:
 A = Spawn XP
 B = Non-spawn XP
 C = Spawn XP percentage of total XP
 D = Spawn monster count
 E = Non-spawn monster count
 F = Spawn count percentage of total count
 G = Total turns spent on level
                    A         B        C        D         E        F      G
               +---------+---------+-------+---------+---------+-------+---------
         Total |       0 |    1575 |   0.0 |       0 |     119 |   0.0 |  5830
               +---------+---------+-------+---------+---------+-------+---------
           D:1 |       0 |      35 |   0.0 |       0 |      20 |   0.0 |   605
           D:2 |       0 |      28 |   0.0 |       0 |      13 |   0.0 |   799
           D:3 |       0 |     217 |   0.0 |       0 |      38 |   0.0 |  1609
           D:4 |       0 |     857 |   0.0 |       0 |      26 |   0.0 |  1835
           D:5 |       0 |     438 |   0.0 |       0 |      22 |   0.0 |   901
               +---------+---------+-------+---------+---------+-------+---------
